 Dungeon Crawl Stone Soup version 0.29.1-4-g47bece8355 (webtiles) character file.

Game seed: 16741052891345714820

22 ChadusMaximus the Caller (level 2, -1/15 HPs)
             Began as a Deep Elf Summoner on Dec 3, 2022.
             Slain by a ball python (3 damage)
             ... on level 1 of the Dungeon.
             The game lasted 00:01:19 (921 turns).

ChadusMaximus the Caller (Deep Elf Summoner)         Turns: 921, Time: 00:01:19

Health: -1/15      AC:  3    Str:  5    XL:     2   Next: 68%
Magic:  6/8        EV: 13    Int: 19    God:
Gold:   42         SH:  0    Dex: 15    Spells: 7/8 levels left

rFire   . . .      SeeInvis .   f - +0 mace
rCold   . . .      Faith    .   (no shield)
rNeg    . . .      Spirit   .   a - +0 robe
rPois   .          Reflect  .   (no helmet)
rElec   .          Harm     .   (no cloak)
rCorr   .          Rampage  .   c - +0 pair of gloves
Will    .....                   (no boots)
Stlth   ++........              (no amulet)
HPRegen 0.05/turn               (no ring)
MPRegen 0.11/turn               (no ring)

@: no status effects
A: no striking features
a: no special abilities


You were on level 1 of the Dungeon.
You visited 1 branch of the dungeon, and saw 1 of its levels.

You collected 42 gold pieces.

Inventory:

Hand Weapons
 f - a +0 mace (weapon)
Armour
 a - a +0 robe (worn)
 c - a +0 pair of gloves (worn)
Magical Staves
 i - a staff of fire
Scrolls
 d - 2 scrolls of amnesia {unknown}
 e - a scroll of noise {unknown}
 g - a scroll of enchant weapon {unknown}
 h - a scroll of fear {unknown}
Potions
 b - a potion of magic
 j - a potion of brilliance {unknown}


   Skills:
 + Level 2.9 Dodging
 + Level 3.0 Stealth
 + Level 3.5 Spellcasting
 + Level 4.6 Summonings


You had 7 spell levels left.
You knew the following spells:

 Your Spells              Type           Power      Damage    Failure   Level
a - Summon Small Mammal   Summ           80%        N/A       2%          1

Your spell library contained the following spells:

 Spells                   Type           Power      Damage    Failure   Level
 Call Imp                 Summ           20%        N/A       3%          2
 Call Canine Familiar     Summ           20%        N/A       6%          3
 Summon Guardian Golem    Hex/Summ       12%        N/A       17%         3
 Summon Lightning Spire   Summ/Air       12%        N/A       50%         4


Dungeon Overview and Level Annotations

Branches:
Dungeon (1/15)

Altars:


Message History

The bat barely misses your bat.
Your bat barely misses the bat.
The bat barely misses your bat.
Your rat closely misses the bat.
The ball python bites you.
* * * LOW HITPOINT WARNING * * *
The ball python grabs you. The ball python constricts you.
You see here a +0 club.
You escape the ball python's grasp.
The bat barely misses you.
Your bat closely misses the bat.
The bat hits your rat but does no damage.
Your rat barely misses the bat.
The ball python bites you.
* * * LOW HITPOINT WARNING * * *
The ball python barely misses you. The bat barely misses you.
The ball python closely misses your bat.
The ball python grabs your bat. The ball python constricts your bat.
Casting: Summon Small Mammal (safe; 2% risk of failure)
Confirm with . or Enter, or press ? or * to list all spells.
You don't know that spell.
You closely miss the bat.
The bat is moderately wounded.
The bat closely misses you.
Your bat hits the bat but does no damage.
The bat hits your bat.
Your bat hits the bat but does no damage.
Your bat struggles to escape constriction.
The ball python bites your bat.
Your bat dies!
Your bat's corpse disappears in a puff of smoke!
The ball python bites your rat. The ball python grabs your rat.
The ball python constricts your rat.
Your rat dies!
Your rat's corpse disappears in a puff of smoke!
You miss the bat.
The bat is moderately wounded.
The bat barely misses you.
Casting: Summon Small Mammal (safe; 2% risk of failure)
Confirm with . or Enter, or press ? or * to list all spells.
The ball python barely misses you. The ball python closely misses you.
The ball python bites you.
You die...

#.##########
#[.........#
#..........#
#..........#
#..........# #... #.
#..........# #... #.#
#...b......# #. ##...
#.# ####S####### #.#
#...###.## #.@.# #.#
##...#....# #r### #.#
#...)#....# #.# #.#
##.........###.# #.#
#..............#
#.#####
#....(.....†...####
#......
#_....>....###....###
####..####
#..........#
####...###....###
#....#.....#
###.....##...##


You could see a bat, a ball python (ally target) and a friendly quokka
(summoned).

Vanquished Creatures
  A ball python (D:1)
  A goblin (D:1)
  A hobgoblin (D:1)
  A kobold (D:1)
  A bat (D:1)
  A frilled lizard (D:1)
6 creatures vanquished.

Vanquished Creatures (collateral kills)
  A ball python (D:1)
  5 bats (D:1)
  2 endoplasms (D:1)
  A giant cockroach (D:1)
  A goblin (D:1)
  A hobgoblin (D:1)
  2 kobolds (D:1)
  A rat (D:1)
14 creatures vanquished.

Grand Total: 20 creatures vanquished

Notes
Turn   | Place    | Note
-------+----------+-------------------------------------------
     0 | D:1      | ChadusMaximus the Deep Elf Summoner began the quest for the
                  | Orb.
     0 | D:1      | Reached XP level 1. HP: 10/10 MP: 6/6
   566 | D:1      | Reached XP level 2. HP: 15/15 MP: 8/8
   864 | D:1      | Found a faded altar of an unknown god.
   921 | D:1      | Slain by a ball python

Illustrated notes

Levels and vault maps discovered:
D:1:      minmay_arrival_four_loops, layout_rooms,
          hellmonk_ecumenical_altar_zigzags, minmay_misc_feat_tiny

Skill      XL: |  1  2 |
---------------+-------+-----
Stealth        | 3 |  3.0
Dodging        | |  2.9
Spellcasting   | |  3.5
Summonings     | |  4.6

Action                   || total
-------------------------++-------
Melee: Unarmed           ||     6
       Mace              ||    19
 Cast: Summon Small Mamm ||    23
 Stab: Sleeping          ||     3
       Distracted        ||     1
Armor: Robe              ||    22
Dodge: Dodged            ||    73
